Map: Jagannatha LE

Players

Trap

  • Race: Protoss Protoss
  • Spawn Location: 1:00

Reynor - Winner!

  • Race: Zerg Zerg
  • Spawn Location: 7:00

Event: IEM Katowice 2021

VOD

Have the link to the VOD?

Description

Time

  • Played on: Feb. 24, 2021, 9:46 a.m.
  • Length: 14:01

All games in this series

Show
View Real Time Build Order
Export as new Build Order

Trap Protoss 

Build Orders: 1 Gate Expand, Oracle Opening, Zealot Archon 

Get SALT Encoding   

  12  0:00  Probe  
  13  0:14  Pylon  
  13  0:18  Probe (Chrono Boost)  
  14  0:27  Probe (Chrono Boost)  
  15  0:32  Probe (Chrono Boost)  
  16  0:42  Gateway  
  16  0:44  Probe  
  17  0:51  Assimilator  
  17  0:56  Probe  
  18  1:08  Probe  
  19  1:20  Probe  
  20  1:27  Nexus  
  20  1:37  Cybernetics Core  
  20  1:39  Probe  
  21  1:46  Assimilator  
  21  1:51  Probe  
  22  1:56  Pylon  
  22  2:03  Probe  
  23  2:11  Stalker (Chrono Boost)  
  23  2:13  Warp Gate  
  25  2:16  Probe  
  26  2:28  Probe (Chrono Boost)  
  27  2:32  Stargate  
  27  2:36  Adept  
  29  2:39  Probe (Chrono Boost)  
  29  2:41  Probe (Chrono Boost)  
  31  2:49  Probe (Chrono Boost)  
  31  2:50  Probe (Chrono Boost)  
  33  2:55  Probe x2 (Chrono Boost)  
  35  3:06  Adept, Probe  
  35  3:07  Probe  
  39  3:12  Oracle (Chrono Boost)  
  39  3:17  Gateway  
  42  3:21  Pylon  
  42  3:22  Probe  
  42  3:23  Probe  
  44  3:34  Void Ray (Chrono Boost), Probe  
  44  3:35  Probe  
  46  3:47  Pylon, Probe  
  46  3:48  Probe  
  52  4:02  Probe, Nexus  
  53  4:03  Probe  
  53  4:08  Assimilator  
  54  4:10  Assimilator  
  54  4:14  Probe  
  54  4:15  Probe  
  56  4:18  Void Ray  
  56  4:20  Pylon  
  60  4:26  Probe  
  60  4:27  Probe  
  62  4:38  Probe, Forge  
  63  4:39  Probe  
  63  4:40  Twilight Council  
  63  4:44  Pylon  
  64  4:49  Gateway  
  64  4:52  Gateway  
  64  4:54  Probe  
  64  4:55  Probe  
  64  5:00  Charge  
  64  5:05  Protoss Ground Weapons Level 1 (Chrono Boost)  
  64  5:06  Shield Battery  
  64  5:07  Probe x2  
  64  5:12  Gateway  
  64  5:13  Gateway  
  64  5:19  Probe x2  
  66  5:24  Templar Archives  
  66  5:27  Probe (Chrono Boost)  
  66  5:33  Adept x2  
  66  5:35  Probe x2 (Chrono Boost)  
  72  5:40  Probe (Chrono Boost)  
  73  5:43  Pylon  
  73  5:46  Probe x3 (Chrono Boost), Gateway  
  76  5:51  Gateway  
  76  5:55  Pylon, Probe  
  77  6:03  Probe  
  77  6:04  Probe  
  79  6:05  Assimilator  
  79  6:06  Assimilator  
  79  6:07  Probe  
  80  6:14  Zealot x2, High Templar x4  
  80  6:18  Shield Battery  
  88  6:19  Archon  
  88  6:20  Archon  
  88  6:21  Shield Battery  
  88  6:22  Shield Battery  
  88  6:24  Pylon  
  88  6:25  Photon Cannon  
  88  6:31  Pylon  
  88  6:33  Shield Battery  
  88  6:38  Sentry  
  88  6:39  Zealot  
  92  6:42  Zealot  
  92  6:46  Gateway  
  94  6:47  Gateway  
  94  6:50  Zealot x2  
  94  6:51  High Templar x2  
  94  6:52  Zealot  
  104  6:58  Archon  
  104  7:00  Pylon, Zealot  
  103  7:03  Robotics Facility  
  103  7:06  Pylon, Zealot x2  
  107  7:11  Photon Cannon  
  107  7:12  Sentry  
  107  7:13  Sentry  
  111  7:18  Sentry  
  111  7:20  Pylon  
  109  7:30  Protoss Ground Weapons Level 2 (Chrono Boost)  
  109  7:31  Psionic Storm  
  109  7:34  Probe x3  
  112  7:46  Probe x3  
  112  7:47  Nexus  
  112  7:49  Pylon  
  115  7:51  Stalker  
  115  7:52  Stalker x2  
  115  7:54  Observer (Chrono Boost)  
  122  8:06  Immortal (Chrono Boost)  
  122  8:11  Photon Cannon  
  126  8:13  Photon Cannon  
  126  8:17  High Templar x2  
  126  8:18  Zealot x6  
  141  8:34  Stargate, Gateway  
  141  8:35  Gateway  
  141  8:41  Nexus  
  141  8:42  Blink (Chrono Boost)  
  141  8:44  Observer (Chrono Boost)  
  141  8:45  Photon Cannon  
  141  8:47  Photon Cannon  
  142  9:00  High Templar x2  
  146  9:04  Probe x2  
  146  9:05  Immortal (Chrono Boost), Probe  
  153  9:10  Photon Cannon  
  153  9:13  Pylon  
  153  9:22  Stalker x2  
  157  9:45  Robotics Facility  
  157  9:47  Robotics Bay, Robotics Facility  
  157  9:50  Probe x3  
  157  9:51  Warp Prism (Chrono Boost), Assimilator  
  160  9:53  Probe  
  160  9:55  Assimilator  
  160  9:59  Zealot x3  
  169  10:00  Zealot x5  
  169  10:05  Protoss Ground Weapons Level 3 (Chrono Boost)  
  169  10:06  Photon Cannon  
  179  10:18  Immortal (Chrono Boost)  
  179  10:26  Fleet Beacon  
  179  10:28  Stargate  
  179  10:35  Disruptor x2 (Chrono Boost)  
  171  10:40  Stalker  
  177  10:46  Disruptor (Chrono Boost)  
  180  10:52  Gravitic Drive  
  180  11:00  Pylon  
  180  11:02  Pylon  
  180  11:11  Protoss Air Weapons Level 1 (Chrono Boost)  
  180  11:18  Disruptor x3 (Chrono Boost)  
  141  11:40  Stalker x4  
  141  11:45  Stalker x2  
  153  11:50  Disruptor x3 (Chrono Boost)  
  162  12:02  Stalker x2  
  162  12:05  Zealot x2  
  162  12:06  Zealot x2  
  162  12:07  Zealot x2  
  176  12:17  Carrier (Chrono Boost)  
  176  12:18  Carrier (Chrono Boost)  
  176  12:19  Disruptor  
  155  12:36  Carrier (Chrono Boost)  
  161  12:40  Nexus  
  161  12:43  Zealot x6  
  161  12:44  Zealot x3, Pylon  
  110  13:35  Stalker x5  
  110  13:36  Zealot x5  
Show
View Real Time Build Order
Export as new Build Order

Reynor Zerg - Winner!

Build Orders: Hatch First, Lurkers 

Get SALT Encoding   

  12  0:00  Drone  
  13  0:12  Overlord  
  13  0:17  Drone  
  14  0:30  Drone x2  
  16  0:44  Drone  
  17  0:52  Hatchery  
  17  0:56  Drone  
  17  0:59  Drone  
  18  1:10  Extractor  
  17  1:14  Spawning Pool  
  17  1:17  Drone  
  17  1:20  Drone  
  18  1:28  Drone  
  19  1:38  Drone  
  20  1:51  Overlord  
  20  2:01  Queen  
  22  2:04  Zergling x4, Queen  
  26  2:11  Drone  
  26  2:12  Metabolic Boost  
  26  2:15  Drone  
  28  2:21  Drone  
  29  2:29  Drone  
  30  2:38  Hatchery  
  30  2:40  Drone  
  30  2:42  Drone  
  31  2:47  Overlord  
  31  2:51  Drone  
  32  2:54  Drone  
  34  2:58  Drone  
  34  3:01  Queen  
  36  3:06  Drone  
  36  3:08  Overlord  
  36  3:11  Drone  
  38  3:13  Drone  
  38  3:16  Drone x2  
  40  3:20  Zergling x2  
  41  3:27  Overlord  
  41  3:30  Drone  
  41  3:31  Spore Crawler  
  41  3:36  Queen  
  41  3:38  Drone  
  44  3:41  Drone x2  
  44  3:42  Drone  
  44  3:46  Overlord  
  47  3:53  Zergling x4  
  47  3:54  Drone  
  50  3:58  Queen, Spore Crawler  
  50  4:01  Drone  
  52  4:03  Drone x2  
  54  4:11  Spore Crawler  
  54  4:12  Drone  
  54  4:13  Drone  
  54  4:14  Drone x2  
  58  4:17  Drone x2  
  58  4:23  Queen  
  61  4:26  Zergling x2  
  61  4:27  Overlord  
  61  4:30  Drone x2  
  64  4:36  Zergling x2  
  64  4:37  Zergling x2, Drone  
  66  4:44  Overlord  
  66  4:45  Lair  
  66  4:46  Drone x3  
  66  4:48  Drone  
  66  4:50  Zergling x2  
  66  4:51  Overlord  
  71  4:56  Drone x2  
  71  4:57  Drone x2  
  71  4:59  Spore Crawler  
  71  5:04  Roach Warren  
  71  5:05  Drone  
  71  5:06  Drone  
  73  5:08  Extractor, Drone x2  
  73  5:10  Drone  
  73  5:12  Overlord  
  75  5:14  Drone  
  75  5:18  Extractor, Drone x3  
  77  5:21  Drone x2  
  77  5:22  Overlord  
  77  5:25  Drone x2  
  77  5:26  Drone  
  81  5:28  Extractor  
  81  5:30  Extractor  
  81  5:31  Queen  
  81  5:33  Queen  
  83  5:36  Drone x2  
  83  5:41  Overlord  
  85  5:43  Extractor, Drone x4  
  85  5:47  Queen  
  90  5:52  Drone x2  
  90  5:54  Overlord  
  92  5:59  Overlord  
  92  6:03  Nydus Network  
  91  6:06  Queen  
  91  6:11  Roach x6  
  105  6:16  Drone x2  
  105  6:22  Roach x5  
  105  6:23  Roach  
  117  6:28  Queen  
  117  6:30  Overlord  
  117  6:31  Overlord  
  119  6:35  Overlord  
  119  6:37  Overlord  
  119  6:42  Nydus Canal  
  119  6:44  Queen  
  119  6:45  Overlord  
  121  6:49  Ravager x6  
  121  6:50  Ravager x2  
  121  6:53  Zergling x6  
  134  6:57  Ravager  
  134  6:58  Zergling x8, Ravager  
  140  7:03  Overseer  
  140  7:05  Overseer  
  140  7:06  Zergling x4, Roach  
  140  7:07  Zergling x4  
  146  7:14  Roach x3  
  153  7:18  Evolution Chamber  
  148  7:33  Drone x2  
  148  7:35  Infestation Pit  
  148  7:36  Hatchery  
  147  7:37  Drone x11  
  157  7:48  Zerg Missile Weapons Level 1  
  157  7:50  Drone x4  
  161  7:53  Overlord  
  161  7:54  Glial Reconstitution  
  161  7:55  Overlord  
  161  8:02  Nydus Canal  
  161  8:08  Roach x2  
  161  8:10  Overlord  
  160  8:16  Roach x5  
  162  8:27  Hive  
  162  8:30  Hydralisk Den  
  162  8:31  Drone x6  
  162  8:32  Roach  
  162  8:33  Roach x3  
  175  8:39  Spine Crawler  
  174  8:42  Overseer  
  174  8:43  Overlord, Drone x2  
  176  8:49  Extractor  
  176  8:50  Extractor  
  176  8:54  Overlord  
  174  8:55  Pneumatized Carapace  
  174  9:03  Hydralisk  
  174  9:04  Hydralisk x9  
  174  9:05  Lurker Den  
  193  9:12  Hatchery  
  192  9:25  Nydus Canal  
  192  9:29  Muscular Augments  
  192  9:40  Overlord  
  192  9:44  Nydus Canal  
  192  9:45  Zerg Missile Weapons Level 2  
  192  9:49  Evolution Chamber  
  191  9:53  Spine Crawler x3  
  188  10:02  Overseer  
  188  10:11  Lurker x2  
  188  10:12  Lurker x5, Seismic Spines  
  195  10:16  Lurker  
  195  10:17  Lurker x2  
  198  10:23  Spine Crawler x3  
  198  10:24  Spine Crawler  
  198  10:25  Spine Crawler x2  
  198  10:26  Spine Crawler  
  185  10:40  Zerg Ground Armor Level 1  
  185  10:46  Zergling x26  
  185  10:47  Overlord  
  198  11:09  Adaptive Talons  
  185  11:26  Hydralisk x9  
  197  11:36  Hydralisk x7  
  193  11:42  Viper x2  
  195  11:47  Overlord  
  195  11:51  Hydralisk  
  195  11:52  Zergling x2  
  198  11:57  Viper  
  198  11:59  Zergling x26  
  198  12:02  Overlord  
  198  12:05  Extractor  
  198  12:06  Extractor, Spire  
  195  12:12  Drone x2  
  195  12:14  Spine Crawler x2  
  195  12:15  Spore Crawler  
  194  12:16  Spine Crawler  
  188  12:25  Hatchery  
  188  12:28  Hydralisk  
  188  12:29  Hydralisk x9, Zergling x2  
  196  12:30  Zergling x2  
  196  12:35  Hydralisk  
  196  12:36  Zergling x22  
  199  12:37  Overseer x2  
  199  12:42  Hydralisk  
  199  12:53  Drone  
  199  12:56  Spore Crawler  
  199  12:57  Spine Crawler  
  197  13:03  Hydralisk x12  
  197  13:04  Hydralisk  
  198  13:11  Hydralisk  
  198  13:12  Zergling x12  
  195  13:15  Hydralisk  
  195  13:18  Overlord  
  190  13:25  Hydralisk, Zergling x2  
  190  13:26  Zergling x6  
  190  13:33  Hydralisk  
  187  13:34  Zergling x6  

Tags
 
Add a new tag
Caveats
  • Supply blocks, unpowered buildings, or Contaminate may cause inaccurate times.
  • Supply counts are checked every 10 seconds.